AoeStats
← ♚ Cartman ★

Black Forest

506516308Analyzed
3v3 RM · 19d ago on Sep 13, 2026· 76m 29s· 6 players
Game mode
Random Map
Map size
Normal (6 player)
Population
200
Speed
Normal
Resources
Standard
Victory
Conquest
Starting age
Dark Age
Ending age
Imperial Age
RankedLock teamsTeams togetherTeam positionsShared explorationLock speedFull tech treeHidden civsTurbo modeCheats
Victory
Defeat
🇪🇸 Spanish · Spain
537
+15
🇪🇸 Goths · Spain
526
+16
🇪🇸 Khmer · Spain
521
+16
🇦🇷 Britons · Argentina
554
-17
🇻🇪 Khmer · Venezuela
539
-16
🇻🇪 Franks · Venezuela
481
-14
xXx
0:28 Loom
13:51 Feudal Age
21:24 Castle Age
22:49 Double-Bit Axe
27:11 Gold Mining
28:49 Bow Saw
29:20 Stone Mining
29:25 Fletching
31:00 Wheelbarrow
32:00 #83
32:25 Caravan
33:13 Gold Shaft Mining
35:40 Hand Cart
34:49 Elite Skirmisher
35:30 Bodkin Arrow
35:35 Padded Archer Armor
35:41 Scale Barding Armor
35:47 Forging
36:01 Ballistics
35:44 Gambesons
35:45 Arson
39:00 Crossbowman
40:28 Leather Archer Armor
40:49 Iron Casting
40:34 Chain Barding Armor
44:39 Imperial Age
44:02 Husbandry
43:23 Light Cavalry
44:08 Scale Mail Armor
45:22 Town Watch
46:46 Chemistry
45:57 Fortified Wall
45:43 Murder Holes
45:54 Siege Engineers
46:00 Masonry
45:37 Arrowslits
46:50 Cavalier
48:36 Blast Furnace
48:12 Plate Barding Armor
47:53 Chain Mail Armor
47:52 Chivalry
48:13 Conscription
47:15 Elite Throwing Axeman
48:31 Hoardings
48:06 Paladin
Himurak3n
0:57 Loom
17:44 Feudal Age
19:17 Double-Bit Axe
19:20 Horse Collar
22:28 Town Watch
22:43 Gold Mining
25:16 Wheelbarrow
33:28 Castle Age
33:05 Arson
33:41 Stone Mining
35:09 Husbandry
34:31 Pikeman
38:37 Bow Saw
39:09 Scale Barding Armor
39:15 Forging
41:48 Iron Casting
41:52 Gold Shaft Mining
42:55 Chain Barding Armor
43:54 Fletching
44:27 Fervor
47:27 Imperial Age
45:36 Hand Cart
45:38 Scale Mail Armor
48:33 Conscription
48:29 Heavy Scorpion
49:51 Bloodlines
50:19 Ballistics
51:51 Chemistry
53:06 Double Crossbow
54:30 Plate Barding Armor
54:57 Blast Furnace
55:17 Fortified Wall
55:34 Bodkin Arrow
56:06 Elite Ballista Elephant
56:40 Halberdier
58:37 Onager
63:58 Bracer
♚ Cartman ★
23:41 Feudal Age
25:03 Wheelbarrow
24:14 Town Watch
25:38 Man-at-Arms
31:13 Arson
32:00 Horse Collar
32:54 Scale Mail Armor
43:20 Stone Mining
43:23 Gold Mining
48:59 Padded Archer Armor
48:50 Fletching
49:06 Scale Barding Armor
49:12 Forging
52:17 Castle Age
52:13 Double-Bit Axe
62:00 Yeomen
melauta
2:16 Loom
17:39 Feudal Age
23:33 Castle Age
22:09 Bloodlines
23:23 Scale Barding Armor
23:28 Forging
23:09 Town Watch
23:20 Town Watch
23:30 Double-Bit Axe
23:36 Horse Collar
26:19 Iron Casting
31:51 Pikeman
32:36 Stone Mining
33:13 Chain Barding Armor
32:55 Scale Mail Armor
34:08 Husbandry
34:09 Gold Mining
35:12 Squires
34:53 Elite Skirmisher
40:43 Man-at-Arms
47:48 Imperial Age
48:33 Cavalier
48:43 Light Cavalry
50:13 Plate Barding Armor
50:39 Blast Furnace
52:44 Bow Saw
59:00 Caravan
67:13 Two-Man Saw
66:28 Hussar
69:42 Chain Mail Armor
70:08 Wheelbarrow
69:36 Town Patrol
72:01 Elite Conquistador
72:15 Elite Conquistador
73:33 Plate Mail Armor
73:12 Heavy Plow
LA TANQUETA
16:10 Feudal Age
16:51 Double-Bit Axe
17:45 Gold Mining
21:54 Castle Age
23:00 Bow Saw
25:50 Wheelbarrow
24:59 Horse Collar
26:41 Stone Mining
29:05 Hand Cart
37:44 Imperial Age
35:52 Squires
36:47 Pikeman
38:08 Heavy Plow
37:55 Halberdier
38:47 Perfusion
39:09 Conscription
39:19 Caravan
39:38 Fletching
39:59 Forging
41:19 Chemistry
40:42 Ballistics
42:20 Two-Man Saw
41:30 Bodkin Arrow
42:10 Iron Casting
41:36 Scale Mail Armor
45:39 Blast Furnace
45:40 Masonry
45:34 Murder Holes
47:20 Anarchy
46:47 Elite Huskarl
47:34 Bracer
47:50 Chain Mail Armor
48:26 Crop Rotation
48:06 Padded Archer Armor
65:45 Spies/Treason
mendiallianza
8:53 Loom
12:07 Feudal Age
12:49 Town Watch
12:48 Horse Collar
12:59 Double-Bit Axe
14:49 Wheelbarrow
23:46 Castle Age
26:21 Hand Cart
26:27 Bow Saw
30:42 Forging
31:01 Scale Mail Armor
32:38 Ballistics
36:02 Scale Barding Armor
37:14 Fletching
38:37 Pikeman
39:30 Bloodlines
38:42 Light Cavalry
39:47 Chain Barding Armor
40:08 Town Patrol
40:10 Bodkin Arrow
40:25 Tusk Swords
41:28 Caravan
45:38 Imperial Age
43:35 Chain Mail Armor
43:56 Iron Casting
44:13 Padded Archer Armor
45:45 Elite Ballista Elephant
46:47 Conscription
46:58 Conscription
47:12 Double Crossbow
48:47 Husbandry
48:55 Hussar
56:30 Blast Furnace
56:06 Plate Barding Armor
55:31 Bracer
55:47 Leather Archer Armor
56:53 Chemistry
Connection lost

Rejoining the realm…

Still unreachable

The connection could not be restored.

Session expired

The server has moved on; the page needs a fresh start.